AoeStats
← ForgeableSum

Arabian Desert

510046657Analyzed
1v1 RM · 4d ago on Sep 29, 2026· 18m 30s· 2 players
Game mode
Random Map
Map size
Tiny (2 player)
Population
200
Speed
Normal
Resources
Standard
Victory
Conquest
Starting age
Dark Age
Ending age
Imperial Age
RankedLock teamsTeams togetherTeam positionsShared explorationLock speedFull tech treeHidden civsTurbo modeCheats
Victory
Defeat
🇺🇸 Italians · United States
1408
+18
🇺🇸 Lithuanians · United States
1448
-18
ForgeableSum
7:22 Loom
9:43 Feudal Age
11:27 Man-at-Arms
15:49 Fletching
17:45 Padded Archer Armor
Toothless
6:39 Loom
8:46 Feudal Age
8:51 Man-at-Arms
9:18 Double-Bit Axe
18:40 Wheelbarrow
Connection lost

Rejoining the realm…

Still unreachable

The connection could not be restored.

Session expired

The server has moved on; the page needs a fresh start.